 Dungeon Crawl Stone Soup version 0.32-a0-35-gd9ff480968 (webtiles) character file.

Game seed: 3323887897311542807

39 Jase the Changeling (level 3, -10/40 HPs)
             Began as a Merfolk Shapeshifter on Jan 23, 2024.
             Was a Believer of Jiyva.
             Killed by divine providence
             ... invoked by an orc priest
              (15 damage)
             ... on level 3 of the Dungeon.
             The game lasted 00:03:19 (1592 turns).

Jase the Changeling (Merfolk Shapeshifter)          Turns: 1592, Time: 00:03:20

Health: -10/40     AC: 21    Str: 14    XL:     3   Next: 45%
Magic:  3/3        EV:  2    Int:  9    God:    Jiyva [**....]
Gold:   23         SH:  0    Dex: 15    Spells: 2/2 levels left

rFire   . .          .
                       - Unarmed
rCold   . . .        (no shield)
rNeg    . . .        a - melded +0 animal skin
rPois   +            (helmet currently unavailable)
rElec   .            (cloak currently unavailable)
rCorr   +            (gloves currently unavailable)
SInv    .            (boots currently unavailable)
Will    .....        (no amulet)
Stlth   +            e - ring of resist corrosion
HPRegen 1.22/turn    (no ring)
MPRegen 0.56/turn

%: no passive effects
@: lethally poisoned (-10 -> -10), tree-form
A: stationary, stasis, torment immunity, boosted hp, (nimble swimmer 2),
(mertail)
a: Renounce Religion


You were on level 3 of the Dungeon.
You worshipped Jiyva.
Jiyva was pleased with you.
You were a tree.
You visited 1 branch of the dungeon, and saw 3 of its levels.

You collected 23 gold pieces.

Inventory:

Missiles
 f - 8 stones (quivered)
Armour
 a - a +0 animal skin (melded)
Jewellery
 e - a ring of resist corrosion (left branch)
Talismans
 c - a beast talisman
 d - a flux talisman
Scrolls
 h - a scroll of immolation {unknown}
 i - a scroll of silence {unknown}
Potions
 g - a potion of curing {unknown}


   Skills:
 + Level 2.0 Fighting
 + Level 3.4 Dodging
 + Level 3.7 Unarmed Combat
 + Level 4.4 Shapeshifting


You had 2 spell levels left.
You didn't know any spells.
Your spell library was empty.

Dungeon Overview and Level Annotations

Branches:
Dungeon (3/15)

Altars:
Jiyva

Shops:
D:1 [   D:3 (


Innate Abilities, Weirdness & Mutations

You are a tree.
Your roots penetrate the ground, keeping you stationary.
You cannot be teleported.
You are immune to unholy pain and torment.
Your maximum health is greatly increased.
Your equipment is partially melded.
((You are very nimble when in or above water. (Stealth+, EV+, Speed+++)))
((Your lower body shifts to a powerful aquatic tail in water.))


Message History

No target in view!
An orc priest and an orc come into view.
The orc moves out of view.
A rat, a frilled lizard and 2 orcs come into view.
An orc is wielding a +2 flail of venom.
The frilled lizard hisses angrily.
The orc shouts!
The kobold shouts!
The orc priest shouts!
The orc shouts!
You closely miss the kobold. The kobold closely misses you.
You closely miss the orc priest. The adder barely misses you.
The kobold hits you but does no damage. The orc priest hits you with a +0 mace!
You hit the orc priest but do no damage.
The adder barely misses you. The orc priest hits you with a +0 mace.
The kobold barely misses you.
The frilled lizard attacks as it pursues you!
The frilled lizard misses you. The adder attacks as it pursues you!
The adder bites you.
You are poisoned.
The adder poisons you! The adder bites you.
You are more poisoned.
The adder poisons you!
You feel very sick.
You feel sick.
The orc priest invokes the aid of Beogh against you.
Beogh smites you!
* * * LOW HITPOINT WARNING * * *
Your transformation has ended.
You turn into a tree.
Your +0 animal skin melds into your body.
Your roots penetrate the ground.
You feel sick. The adder bites you but does no damage.
You barely miss the adder.
You feel sick.
The adder bites you but does no damage. x2
You barely miss the adder.
You feel sick. The adder bites you but does no damage.
You smack the adder!
You kill the adder!
You feel sick.
The orc priest calls down the wrath of Beogh upon you.
Beogh smites you!
You die...

.. . ..... .#
#.##...#### #
.### ..........#
# .# ....
#.........##.#..#
....
.........o.#.....
....
..##...#Ko.......
####
#...#.lo##..r
#...##o## ####
#♣# #
#####.###..#
#..........#
....###.###...#
## #.# #...# #.#
#.. #.# #.. ###.#
#.# #...# #.#


You could see an orc priest, 3 orcs, a kobold and a frilled lizard.

Vanquished Creatures
  An adder (D:3)
  A ribbon worm (D:2)
  2 dart slugs
  2 orcs
  2 bats
  4 goblins
  3 hobgoblins
  4 jackals (D:2)
  2 kobolds (D:2)
  2 quokkas (D:2)
  2 ball pythons (D:2)
  A frilled lizard (D:2)
26 creatures vanquished.

Vanquished Creatures (others)
  An adder (D:2)
  4 endoplasms
  An orc (D:3)
  A goblin (D:1)
  3 quokkas
  A bat (D:1)
  A kobold (D:1)
  A rat (D:1)
13 creatures vanquished.

Grand Total: 39 creatures vanquished

Notes
Turn   | Place    | Note
-------+----------+-------------------------------------------
     0 | D:1      | Jase the Merfolk Shapeshifter began the quest for the Orb.
     0 | D:1      | Reached XP level 1. HP: 15/15 MP: 1/1
    78 | D:1      | Found a faded altar of an unknown god.
   121 | D:1      | Prayed at the altar of an unknown god.
   121 | D:1      | Became a worshipper of Jiyva Jicvugoi the Shapeless
   121 | D:1      | Reached * piety under Jiyva
   154 | D:1      | Found Hyen's Antique Armour Shoppe.
   712 | D:2      | Reached XP level 2. HP: 21/21 MP: 2/2
   760 | D:2      | Reached ** piety under Jiyva
   986 | D:2      | Reached XP level 3. HP: 27/27 MP: 3/3
  1532 | D:3      | Found Caolest's Antique Weapon Emporium.
  1592 | D:3      | Killed from afar by an orc priest

Illustrated notes

Levels and vault maps discovered:
D:1:      minmay_arrival_plants_in_alcoves, layout_rooms,
          dilly_ecumenical_altar_fadedgnrine, serial_shops, shop,
          nicolae_figureground_pulse
D:2:      layout_basic, hangedman_decor_push
D:3:      layout_loops_ring, serial_shops, shop

Skill      XL: |  1  2  3 |
---------------+----------+-----
Dodging        | 3 |  3.4
Fighting       | 2 |  2.0
Unarmed Combat | |  3.7
Shapeshifting  | |  4.4

Action                     || total
---------------------------++-------
  Melee: Unarmed           ||    86
         Punch             ||     2
    Use: Potion            ||     1
   Stab: Sleeping          ||     2
 Armour: Animal skin       ||    35
         Skin              ||     4
  Dodge: Dodged            ||    51

Table legend: (Time is in decaauts)
 A = Elapsed time spent in this place.
 B = Non-inter-level travel time spent in this place.
 C = Inter-level travel time spent in this place.
 D = Time resting spent in this place.
 E = Time spent auto-exploring this place.
 F = Levels seen in this place.
 G = Mean time per level.
                   A        B        C        D        E       F      G
               +--------+--------+--------+--------+--------+-----+--------+
         Total |   1586 |   1464 |    122 |      4 |   1256 |   3 |  528.7 |
       Dungeon |   1586 |   1464 |    122 |      4 |   1256 |   3 |  528.7 |
               +--------+--------+--------+--------+--------+-----+--------+

Top non-repeatable levels by time:
     D:2: 864 daAuts
     D:1: 633 daAuts
     D:3: 88 daAuts
